 Dungeon Crawl Stone Soup version 0.29.1-1-gd02db6906a (webtiles) character file.

Game seed: 8171056181780106494

328 smilodon the Sneak (level 6, -3/32 HPs)
             Began as a Vampire Enchanter on Sept 25, 2022.
             Killed from afar by a steam dragon (8 damage)
             ... with a ball of steam
             ... on level 4 of the Dungeon.
             The game lasted 00:13:24 (4018 turns).

smilodon the Sneak (Vampire Enchanter)              Turns: 4018, Time: 00:13:27

Health: -3/32      AC:  6    Str:  7    XL:     6   Next: 25%
Magic:  9/9        EV: 13    Int: 24    God:
Gold:   149        SH:  0    Dex: 19    Spells: 6/11 levels left

rFire   . . .      SeeInvis +   a - +1 dagger (venom)
rCold   + + .      Faith    .   (no shield)
rNeg    + + +      Spirit   .   d - +1 leather armour of the Sun {Regen+}
rPois   ∞          Reflect  .   p - +0 helmet
rElec   .          Harm     .   (no cloak)
rCorr   .          Rampage  .   (no gloves)
Will    ++...      Clarity  +   l - +0 pair of boots {Stlth+}
Stlth   ++++++++..              f - amulet of magic regeneration
HPRegen 0.00/turn               o - ring of willpower
MPRegen 0.51/turn               q - ring of Uskayaw's Supremacy {*Corrode rPois Will+ Int+7 Stlth+}

@: bloodless, inhibited regen
A: bloodless, fangs 3, see invisible, vampiric 2, thin skeletal structure 1,
clarity, low MP 1
a: Bat Form, Revivify


You were on level 4 of the Dungeon.
You visited 1 branch of the dungeon, and saw 4 of its levels.

You collected 149 gold pieces.

Inventory:

Hand Weapons
 a - a +1 dagger of venom (weapon)
Missiles
 k - 9 poisoned darts (quivered)
 n - 6 boomerangs
 r - 6 javelins
Armour
 b - a +0 robe
 d - the +1 leather armour of the Sun (worn) {Regen+}
   (You found it on level 4 of the Dungeon)

   Regen:     It increases your rate of health regeneration.
 l - a +0 pair of boots of stealth (worn)
 p - a +0 helmet (worn)
Jewellery
 f - an amulet of magic regeneration (around neck)
 o - a ring of willpower (left hand)
 q - the ring of Uskayaw's Supremacy (right hand) {*Corrode rPois Will+ Int+7 Stlth+}
   (You took it off an orc on level 3 of the Dungeon)

   [ring of poison resistance]

   Int:       It affects your intelligence (+7).
   rPois:     It protects you from poison.
   *Corrode:  It may corrode you when you take damage.
   Will:      It increases your willpower.
   Stlth:     It makes you more stealthy.
Scrolls
 g - a scroll of torment
 i - a scroll of vulnerability
 j - 2 scrolls of teleportation
Potions
 c - 2 potions of invisibility
 e - a potion of haste
 h - 2 potions of ambrosia
 m - a potion of attraction


   Skills:
 + Level 3.1 Short Blades
 + Level 3.7 Dodging
 + Level 6.3 Stealth
 + Level 3.2 Spellcasting
 + Level 6.0 Hexes


You had 6 spell levels left.
You knew the following spells:

 Your Spells              Type           Power      Damage    Failure   Level
a - Confusing Touch       Hex            32%        N/A       4%          3
b - Ensorcelled Hibernat  Hex/Ice        36%        N/A       7%          2

Your spell library contained the following spells:

 Spells                   Type           Power      Damage    Failure   Level
 Tukima's Dance           Hex            32%        N/A       4%          3
 Dazzling Flash           Conj/Hex       36%        N/A       14%         3
 Olgreb's Toxic Radiance  Pois           3%         N/A       85%         4
 Ozocubu's Refrigeration  Ice            1%         4d7       100%        7
 Ignition                 Fire           1%         3d3       100%        8


Dungeon Overview and Level Annotations

Branches:
Dungeon (4/15)
 Temple: D:4-7

Altars:
Hepliaklqana
Trog


Innate Abilities, Weirdness & Mutations

You do not regenerate when monsters are visible.
You are frail without blood (-20% HP).
You can heal yourself when you bite living creatures.
You are immune to poison.
You have razor-sharp teeth.
You have supernaturally acute eyesight. (SInv)
You are afflicted with vampirism and can become a bat while bloodless.
You have a somewhat thin skeletal structure. (Dex +2, Stealth+)
You possess an exceptional clarity of mind.
Your magical capacity is low. (-10% MP)


Message History

The adder bites you. The steam dragon closely misses you.
The steam dragon claws you.
You hit the steam dragon but do no damage.
The steam dragon is poisoned.
The adder barely misses you.
You closely miss the steam dragon. The adder closely misses you.
The steam dragon barely misses you. x2; The adder misses you.
You barely miss the steam dragon. The steam dragon misses you.
The steam dragon closely misses you. The adder barely misses you.
You hit the steam dragon but do no damage.
The steam dragon looks as sick as possible!
The steam dragon bites you. The steam dragon claws you. The adder misses you.
The adder attacks as you move away! The adder barely misses you.
The adder closely misses you.
You hit the adder.
The adder is poisoned.
The adder is lightly wounded.
The adder closely misses you.
You hit the adder but do no damage.
The adder looks as sick as possible!
Your bite misses the adder.
The adder is lightly wounded.
The adder bites you but does no damage. The steam dragon breathes steam at you.
The ball of steam hits you!
Ouch! That really hurt!
* * * LOW HITPOINT WARNING * * *
Okay, then.
Okay, then.
The adder is engulfed in a cloud of scalding steam.
The adder dies!
The steam dragon attacks as you move away!
The steam dragon misses you. x2
The steam dragon attacks as you move away!
The steam dragon bites you but does no damage.
The steam dragon closely misses you.
The steam dragon attacks as you move away!
The steam dragon bites you but does no damage.
The steam dragon claws you.
* * * LOW HITPOINT WARNING * * *
The steam dragon breathes steam at you. The ball of steam hits you!
You die...

#...###...##
#.......## ....##...##
#......## ........##
#.....^# ........#
#...#.## ........#
#....#### ........##
#.......# .........###
##.....###
.##........####...####
####............@.# ##
#†..########.§##
.###..## ##D## ......#
#..# .)....# #..#
####### #..# ##. #..##
#..# #########...##..#
................#


You could see a steam dragon (very poisoned, catching breath).

Vanquished Creatures
  An ogre (D:4)
  An orc priest (D:3)
  An orc wizard (D:3)
  7 gnolls
  4 adders
  2 orcs (D:3)
  8 bats
  5 endoplasms
  2 giant cockroaches
  9 hobgoblins
  2 jackals (D:1)
  2 quokkas (D:1)
  11 ball pythons
  4 frilled lizards
  9 goblins
  4 kobolds
  7 rats
  A spectral kobold (D:3)
80 creatures vanquished.

Vanquished Creatures (others)
  An adder (D:4)
1 creature vanquished.

Grand Total: 81 creatures vanquished

Notes
Turn   | Place    | Note
-------+----------+-------------------------------------------
     0 | D:1      | smilodon the Vampire Enchanter began the quest for the Orb.
     0 | D:1      | Reached XP level 1. HP: 13/13 MP: 3/3
   167 | D:1      | Reached XP level 2. HP: 19/19 MP: 5/5
   850 | D:1      | Gained mutation: You are afflicted with vampirism and can
                  | become a bat while bloodless. [Vampire growth]
   850 | D:1      | Reached XP level 3. HP: 24/24 MP: 6/6
  1292 | D:2      | You fall into a shaft and drop 2 floors!
  1298 | D:4      | Identified the +1 leather armour of the Sun {Regen+}
  1510 | D:3      | Found a hazy altar of Hepliaklqana.
  1649 | D:2      | Reached skill level 5 in Stealth
  1693 | D:2      | Reached skill level 5 in Hexes
  1727 | D:2      | Learned a level 3 spell: Confusing Touch
  1730 | D:2      | Learned a level 2 spell: Ensorcelled Hibernation
  1754 | D:2      | Found a bloodstained altar of Trog.
  1981 | D:2      | Reached XP level 4. HP: 30/30 MP: 7/7
  2289 | D:2      | Gained mutation: Your magical capacity is low. (-10% MP)
                  | [potion of mutation]
  2289 | D:2      | Gained mutation: You possess an exceptional clarity of
                  | mind. [potion of mutation]
  2289 | D:2      | Gained mutation: You have a somewhat thin skeletal
                  | structure. (Dex +2, Stealth+) [potion of mutation]
  2543 | D:3      | Reached XP level 5. HP: 35/35 MP: 8/8
  2638 | D:3      | Found a faded altar of an unknown god.
  2651 | D:3      | Identified the ring of Uskayaw's Supremacy {*Corrode rPois
                  | Will+ Int+7 Stlth+}
  2939 | D:3      | Identified a scroll of acquirement
  2939 | D:3      | Acquired a +0 pair of boots of stealth
  3081 | D:4      | Noticed an ogre
  3086 | D:4      | Noticed a phantom
  3643 | D:4      | Killed an ogre
  3708 | D:4      | Reached XP level 6. HP: 32/41 MP: 9/9
  3999 | D:4      | Noticed a steam dragon
  4018 | D:4      | Killed from afar by a steam dragon

Illustrated notes

Levels and vault maps discovered:
D:1:      dpeg_arrival_simpleton_b, layout_basic
D:2:      layout_loops_ring, basic_altar
D:3:      minmay_general_purpose_star, layout_basic,
          nicolae_hepliaklqana_monster_ancestors,
          nicolae_elyvilon_peaceful_grove, hellmonk_ecumenical_altar_arch_garden
D:4:      layout_layer_cave, amcnicky_mini_rare_corridor_liquid, uniq_natasha

Skill      XL: |  1  2  3  4  5  6 |
---------------+-------------------+-----
Stealth        | 5 6 |  6.3
Hexes          | 5 6 |  6.0
Short Blades   | 2 3 |  3.1
Dodging        | 3 |  3.7
Spellcasting   | 3 |  3.2

Action                   |  1- 3 |  4- 6 || total
-------------------------+-------+-------++-------
Melee: Dagger            |   155 |   135 ||   290
       Bite              |    13 |    20 ||    33
       Punch             |     3 |     3 ||     6
Throw: Dart              |       |     9 ||     9
 Cast: Confusing Touch   |       |     6 ||     6
       Ensorcelled Hiber |       |     4 ||     4
 Abil: Exsanguinate      |       |     1 ||     1
  Use: Scroll            |     5 |     6 ||    11
       Potion            |     2 |     3 ||     5
 Stab: Sleeping          |    12 |     6 ||    18
       Confused          |       |     3 ||     3
Armor: Robe              |     5 |       ||     5
       Leather armour    |    29 |    33 ||    62
Dodge: Dodged            |   104 |    84 ||   188
